 Dungeon Crawl Stone Soup version 0.27.1-1-g398f81649c (webtiles) character file.

Game seed: 2180359330636534034

676 jondo1214 the Grave Robber (level 7, -3/53 HPs)
             Began as a Hill Orc Necromancer on Sept 13, 2021.
             Was an Initiate of Beogh.
             Slain by a lemure (6 damage)
             ... led by Pikel
             ... on level 5 of the Dungeon.
             The game lasted 00:24:09 (7442 turns).

jondo1214 the Grave Robber (Hill Orc Necromancer)   Turns: 7442, Time: 00:24:09

Health: -3/53      AC:  5    Str: 11    XL:     7   Next: 59%
Magic:  6/12       EV: 11    Int: 17    God:    Beogh [......]
Gold:   204        SH:  0    Dex: 11    Spells: 4/13 levels left

rFire    . . .     SeeInvis .   r - +3 short sword (venom)
rCold    . . .     Faith    .   (no shield)
rNeg     + + +     Spirit   .   u - +0 leather armour
rPois    +         Reflect  .   (no helmet)
rElec    .         Harm     .   (no cloak)
rCorr    +         Rampage  .   f - +1 pair of gloves of the Storm King {Contam rPois rN+++ rCorr Slay-2}
Will     .....                  (no boots)
Stlth    ++........             (no amulet)
HPRegen  0.17/turn              (no ring)
MPRegen  0.13/turn              (no ring)

@: about to teleport
A: no striking features
a: Renounce Religion


You were on level 5 of the Dungeon.
You worshipped Beogh.
Beogh was noncommittal.
You visited 2 branches of the dungeon, and saw 6 of its levels.
You also visited: Sewer.

You collected 204 gold pieces.

Inventory:

Hand Weapons
 e - a +1 short sword
 j - a +1 short sword of protection
 p - a +0 hand axe
 r - a +3 short sword of venom (weapon)
Missiles
 k - 5 poisoned darts (quivered)
Armour
 a - a +0 robe
 f - the +1 pair of gloves of the Storm King (worn) {Contam rPois rN+++ rCorr Slay-2}
   (You found it on level 4 of the Dungeon)

   Slay:      It affects your accuracy & damage with ranged weapons and melee
   (-2).
   rPois:     It protects you from poison.
   rN:        It renders you almost immune to negative energy.
   Contam:    It causes magical contamination when unequipped.
   rCorr:     It protects you from acid and corrosion.
 h - a +1 robe
 u - a +0 leather armour (worn)
Jewellery
 w - an amulet of reflection
Wands
 t - a wand of flame (19)
Scrolls
 b - 2 scrolls of fear
 c - a scroll of fog
 g - a scroll of blinking
 i - a scroll of magic mapping
 v - a scroll of enchant weapon
 y - a scroll of vulnerability {unknown}
Potions
 d - a potion of heal wounds
 l - a potion of cancellation {unknown}
 m - 2 potions of curing
 n - a potion of might {unknown}
 o - a potion of mutation {unknown}
 q - a potion of magic {unknown}
 x - a potion of haste {unknown}


   Skills:
 + Level 1.8 Fighting
 + Level 2.0 Short Blades
 * Level 2.5 Armour
 + Level 1.9 Dodging
 * Level 3.0 Stealth
 * Level 3.6 Spellcasting
 * Level 6.0 Necromancy


You had 4 spell levels left.
You knew the following spells:

 Your Spells              Type           Power      Damage    Failure   Level
a - Pain                  Necr           92%        1d8       1%          1
b - Animate Skeleton      Necr           46%        N/A       1%          1
c - Vampiric Draining     Necr           11%        2d7       5%          3
d - Animate Dead          Necr           11%        N/A       19%         4

Your spell library contained the following spells:

 Spells                   Type           Power      Damage    Failure   Level
 Freeze                   Ice            12%        1d4       22%         1
 Frozen Ramparts          Ice            6%         1d2       54%         3
 Hailstorm                Conj/Ice       3%         3d3       91%         4
 Agony                    Necr           23%        N/A       45%         5


Dungeon Overview and Level Annotations

Branches:
Dungeon (5/15)             Temple (1/1) D:5           Sewer (visited)

Altars:
Ashenzari
Cheibriados
Dithmenos
Fedhas
Hepliaklqana
Kikubaaqudgha
Makhleb
Nemelex Xobeh
Qazlal
Ru
Sif Muna
Trog
Uskayaw
Vehumet
Xom
Yredelemnul
Zin
The Shining One

Annotations:
D:5 Pikel


Message History

You barely miss the lemure.
The lemure is lightly wounded.
The lemure hits you!
You hit the lemure but do no damage.
The lemure looks as sick as possible!
The lemure is lightly wounded.
The lemure closely misses you. x2
Pikel says, "You'll make a fine lemure."
The lemure closely misses you. x2
The lemure hits you. Pikel closely misses you.
Pikel hits you with a +1 whip of electrocution.
Found a stone staircase leading down.
The lemure closely misses you.
You see here 8 gold pieces.
You now have 204 gold pieces (gained 8).
The lemure misses you. The lemure closely misses you. The lemure misses you.
Pikel says, "Don't tell anyone, but I think Ereshkigal likes me."
The lemure hits you. The lemure barely misses you. The lemure hits you.
Pikel barely misses you. The lemure hits you.
Casting: Vampiric Draining (dangerous; 5% risk of failure)
Confirm with . or Enter, or press ? or * to list all spells.
Aiming: Vampiric Draining (dangerous; 5% risk of failure)
Press: ? - help, Shift-Dir - straight line, f - Pikel
Aim: Pikel, wielding a +1 whip of electrocution and wearing a +0 robe You draw life force from Pikel!
You feel life coursing into your body.
Pikel hits you with a +1 whip of electrocution!
You are electrocuted!!
* * * LOW HITPOINT WARNING * * *
The lemure completely misses you.
It was a potion of heal wounds.
You feel much better.
You kill the lemure!
That felt strangely unrewarding.
The lemure hits you but does no damage. The lemure hits you.
Pikel hits you with a +1 whip of electrocution!
* * * LOW HITPOINT WARNING * * *
As you read the scroll of teleportation, it crumbles to dust.
You feel strangely unstable. The lemure barely misses you.
Pikel hits you with a +1 whip of electrocution.
* * * LOW HITPOINT WARNING * * *
The lemure hits you.
You die...

#.................##......<....
#............####.#####........
#............# #....##........
#............# #....##........
#.............# #.†..##........
#############.###....###...)...
#..>.......# #.......
#.$..5.....# #####.##
#...@K.....# #...
#.....5......# ####
#.......#..### # #....##.#..# #
#.... .....# # #....###..## #
#... ...# #... .##>#


You could see Pikel and 2 lemures.

Vanquished Creatures
  A necrophage (D:5)
  An ogre (D:5)
  2 lemures (D:5)
  2 scorpions
  A bullfrog skeleton (D:5)
  2 hounds (D:5)
  An iguana (D:4)
  A hound zombie (D:5)
  2 hound skeletons (D:5)
  10 adders
  3 river rats (Sewer)
  A white imp (D:5)
  An ufetubus (D:5)
  An adder skeleton (D:4)
  5 dart slugs
  9 orcs
  7 ball pythons
  9 endoplasms
  2 giant cockroaches
  5 goblins
  5 hobgoblins
  4 kobolds
  6 quokkas
  3 bats
  6 frilled lizards
  14 rats
104 creatures vanquished.

Vanquished Creatures (collateral kills)
  A ball python (Sewer)
  A bat (D:1)
  A frilled lizard (D:2)
  A rat (D:2)
4 creatures vanquished.

Grand Total: 108 creatures vanquished

Notes
Turn   | Place    | Note
-------+----------+-------------------------------------------
     0 | D:1      | jondo1214 the Hill Orc Necromancer began the quest for the
                  | Orb.
     0 | D:1      | Reached XP level 1. HP: 14/14 MP: 3/3
     2 | D:1      | Learned a level 1 spell: Animate Skeleton
   482 | D:1      | Reached XP level 2. HP: 18/20 MP: 2/4
   973 | D:1      | Found a faded altar of an unknown god.
  1545 | D:1      | Reached XP level 3. HP: 24/26 MP: 2/5
  2301 | D:2      | Learned a level 3 spell: Vampiric Draining
  2756 | D:2      | Reached XP level 4. HP: 29/33 MP: 5/7
  3119 | D:3      | Reached skill level 1 in Armour
  3297 | D:3      | Found a glowing drain.
  3302 | Sewer    | Entered a sewer
  3509 | Sewer    | Reached skill level 5 in Necromancy
  3535 | Sewer    | HP: 1/33 [river rat (8)]
  3897 | Sewer    | Reached XP level 5. HP: 29/38 MP: 8/8
  4705 | D:3      | Learned a level 4 spell: Animate Dead
  4760 | D:3      | Reached skill level 1 in Fighting
  5354 | D:4      | Identified the +1 pair of gloves of the Storm King {Contam
                  | rPois rN+++ rCorr Slay-2}
  5593 | D:4      | Reached XP level 6. HP: 45/47 MP: 8/10
  6030 | D:5      | Entered Level 5 of the Dungeon
  6039 | D:5      | Reached skill level 1 in Short Blades
  6153 | D:5      | Found a staircase to the Ecumenical Temple.
  6162 | Temple   | Entered the Ecumenical Temple
  6395 | D:5      | Reached XP level 7. HP: 21/52 MP: 10/12
  7216 | D:5      | Found a large runed translucent door.
  7218 | D:5      | Found a large runed translucent door.
  7266 | D:5      | Found a glowing silver altar of Zin.
  7269 | D:5      | Found a sparkling altar of Nemelex Xobeh.
  7296 | D:5      | Became a worshipper of Beogh the Brigand
  7424 | D:5      | Noticed Pikel
  7426 | D:5      | Reached skill level 6 in Necromancy
  7442 | D:5      | Slain by a lemure

Illustrated notes

Levels and vault maps discovered:
D:1:      minmay_arrival_cross, layout_loops_ring,
          shapermc_ecumenical_altar_mp_vishouse, hangedman_decor_push,
          minivault_23
D:2:      layout_basic, minmay_goblin_outpost
D:3:      layout_basic, portal_sewer_entry_e
D:4:      layout_cave_pools
D:5:      layout_basic, jmf_multi_god_temple2, minmay_temple_entry_poolview,
          chequers_serial_rivers_marsh, uniq_pikel
Temple:   eino_temple_rhombus

Skill      XL: |  1  2  3  4  5  6  7 |
---------------+----------------------+-----
Spellcasting   | 2 3 |  3.6
Armour         | 1 2 |  2.5
Stealth        | 2 3 |  3.0
Necromancy     | 5 6 |  6.0
Fighting       | 1 |  1.8
Short Blades   | 1 2 |  2.0
Dodging        | |  1.9

Action                   |  1- 3 |  4- 6 |  7- 9 || total
-------------------------+-------+-------+-------++-------
Melee: Dagger            |    56 |       |       ||    56
       Short sword       |    24 |   158 |    81 ||   263
 Cast: Pain              |    38 |    29 |     3 ||    70
       Animate Skeleton  |    18 |    13 |     2 ||    33
       Vampiric Draining |     2 |    11 |     4 ||    17
       Animate Dead      |       |     4 |     1 ||     5
Invok: Convert to Beogh  |       |       |     1 ||     1
  Use: Scroll            |     1 |     9 |     1 ||    11
       Potion            |       |     1 |     2 ||     3
 Stab: Sleeping          |     5 |     5 |     1 ||    11
Armor: Robe              |    13 |    25 |       ||    38
       Leather armour    |       |    12 |    37 ||    49
Dodge: Dodged            |    65 |   119 |    73 ||   257
